 Dungeon Crawl Stone Soup version 0.31-a0-233-g139696dc86 (webtiles) character file.

Game seed: 18092592848317466266

283 qw the Shooter (level 6, 0/51 HPs)
             Began as a Minotaur Hexslinger on July 7, 2023.
             Was an Initiate of Okawaru.
             Slain by an orc wizard
             ... wielding a +0 dagger
              (2 damage)
             ... on level 5 of the Dungeon.
             The game lasted 00:00:52 (2327 turns).

qw the Shooter (Minotaur Hexslinger)                Turns: 2327, Time: 00:00:52

Health: 0/51       AC:  4    Str: 13    XL:     6   Next: 7%
Magic:  6/6        EV: 12    Int: 10    God:    Okawaru [......]
Gold:   54         SH:  0    Dex: 14    Spells: 6/7 levels left

rFire   . . .        Y - +3 sling (flame)
rCold   . . .        (no shield)
rNeg    . . .        d - +0 leather armour
rPois   .            (helmet restricted)
rElec   .            a - +0 cloak
rCorr   .            (no gloves)
SInv    .            (no boots)
Will    .....        (no amulet)
Stlth   +            (no ring)
HPRegen 0.28/turn    (no ring)
MPRegen 0.10/turn

%: no passive effects
@: no status effects
A: horns 2, retaliatory headbutt
a: Renounce Religion


You were on level 5 of the Dungeon.
You worshipped Okawaru.
Okawaru was noncommittal.
You visited 2 branches of the dungeon, and saw 5 of its levels.

You collected 74 gold pieces.
You spent 20 gold pieces at shops.


Innate Abilities, Weirdness & Mutations

You have a pair of horns on your head.
You reflexively headbutt those who attack you in melee.


   Skills:
 + Level 3.5 Fighting
 - Level 6.0 Ranged Weapons
 - Level 1.5 Armour
 - Level 2.1 Dodging
 - Level 1.0 Spellcasting
 - Level 2.0 Hexes


You had 6 spell levels left.
You knew the following spells:

 Your Spells              Type           Power      Damage    Failure   Level
a - Slow                  Hex            16%        N/A       19%         1

Your spell library contained the following spells:

 Spells                   Type           Power      Damage    Failure   Level
 Inner Flame              Hex/Fire       2%         N/A       65%         3
 Portal Projectile        Hex/Tloc       4%         N/A       65%         3
 Cause Fear               Hex            2%         N/A       88%         4

Inventory:

Hand Weapons
 Y - a +3 sling of flaming (weapon)
Armour
 a - a +0 cloak (worn)
 d - a +0 leather armour (worn)
Scrolls
 b - a scroll of identify
 c - a scroll of torment {unknown}
Potions
 e - a potion of brilliance {unknown}
 i - a potion of attraction {unknown}

Dungeon Overview and Level Annotations

Branches:
Dungeon (5/15)             Temple (1/1) D:5

Altars:
Ashenzari
Elyvilon
Fedhas
Gozag
Hepliaklqana
Kikubaaqudgha
Okawaru
Qazlal
Sif Muna
Uskayaw
Xom
Yredelemnul
Zin

Shops:
D:1 *


Message History

The phantom is almost destroyed.
The bullfrog misses you. The phantom hits you.
The phantom blinks!
You blink.
You shoot a sling bullet.
The sling bullet barely misses the phantom.
The sling bullet barely misses the quokka.
The phantom hits you.
The phantom blinks!
You blink.
You shoot a sling bullet.
The sling bullet completely misses the phantom.
The phantom hits you.
The phantom blinks!
You blink.
Found 4 stones, a scroll of identify, 16 gold pieces and a dagger.
Enter note: You shoot a sling bullet.
The sling bullet barely misses the phantom.
The phantom hits you.
You shoot a sling bullet. The sling bullet hits the phantom!
The sling bullet burns the phantom.
You destroy the phantom!
The phantom dissolves into shadows!
You shoot a sling bullet. The sling bullet hits the bullfrog.
The sling bullet burns the bullfrog.
The bullfrog is moderately wounded.
You shoot a sling bullet.
The sling bullet closely misses the bullfrog.
The sling bullet hits the quokka.
The sling bullet burns the quokka.
You kill the quokka!
The quokka's corpse dissolves into shadows!
Something hits you.
You shoot a sling bullet.
The sling bullet closely misses the bullfrog.
The bullfrog barely misses you. Something hits you.
You shoot a sling bullet.
The sling bullet barely misses the bullfrog.
The bullfrog barely misses you.
The bullfrog hits you but does no damage.
Something hits you.
You shoot a sling bullet. The sling bullet hits the bullfrog.
The sling bullet burns the bullfrog.
The bullfrog is severely wounded.
The bullfrog hits you. Something hits you.
You die...

)?$ .(. ... #.#
###.### # ....#}...}#
....#..
8.8.#.....#.....#..
.8.....}..........
#..@..# ..# .. #}.{F}#
... #.#
###.#####.###..
...##..l##(......#
#.#.....#....#.#
...(..#..ยค......#
##.#.....#.....## #
##.r.##......#######
#.###.###.............


You could see a bullfrog and an iguana.

Vanquished Creatures
  A hound (D:5)
  2 sleepcaps (D:5)
  An iguana (D:5)
  Natasha (thrice) (D:2)
  Robin (D:3)
  An adder (D:5)
  A shadow imp (D:5)
  2 dart slugs (D:1)
  4 ball pythons
  7 endoplasms
  3 giant cockroaches
  11 goblins
  6 hobgoblins
  10 jackals
  3 kobolds
  4 quokkas (D:1)
  2 bats
  2 frilled lizards
  3 rats
67 creatures vanquished.

Notes
Turn   | Place    | Note
-------+----------+-------------------------------------------
     0 | D:1      | qw the Minotaur Hexslinger began the quest for the Orb.
     0 | D:1      | Reached XP level 1. HP: 16/16 MP: 1/1
     0 | D:1      | 0 ||| qw: Version: 0.3-a-46-gb1f654a
     0 | D:1      | 0 ||| qw: Game counter: 3107
     0 | D:1      | 0 ||| qw: Melee chars always use a shield: true
     0 | D:1      | 0 ||| qw: God list: Okawaru
     0 | D:1      | 0 ||| qw: Allow faded altars: false
     0 | D:1      | 0 ||| qw: Do Orc after clearing Dungeon:15 true
     0 | D:1      | 0 ||| qw: Do second Lair branch before Depths: true
     0 | D:1      | 0 ||| qw: Lair rune preference: random
     0 | D:1      | 0 ||| qw: Goals: Normal
     0 | D:1      | 0 ||| PLANNING D:1-11
    40 | D:1      | Reached skill level 3 in Ranged Weapons
    40 | D:1      | Reached XP level 2. HP: 23/23 MP: 2/2
   309 | D:1      | Reached XP level 3. HP: 29/29 MP: 3/3
   445 | D:1      | Found Uwy Pub's Assorted Antiques.
   449 | D:1      | 449 ||| BUYING blue potion (20 gold).
   449 | D:1      | Bought a blue potion for 20 gold pieces
   449 | D:1      | 449 ||| SHOPLISTING bubbling green potion (20 gold, have
                  | 4).
   449 | D:1      | 449 ||| SHOPLISTING ivory ring (115 gold, have 4).
   449 | D:1      | 449 ||| SHOPLISTING scroll labelled BUTICU IPOPEA (23 gold,
                  | have 4).
   449 | D:1      | 449 ||| SHOPLISTING scroll labelled FEQIFRYRUTIRR (23 gold,
                  | have 4).
   449 | D:1      | 449 ||| SHOPLISTING sedimented puce potion (20 gold, have
                  | 4).
   449 | D:1      | 449 ||| SHOPLISTING small lapis lazuli amulet (115 gold,
                  | have 4).
   449 | D:1      | 449 ||| SHOPLISTING wooden wand (92 gold, have 4).
   523 | D:1      | Reached skill level 4 in Ranged Weapons
   880 | D:1      | 880 ||| UPGRADING to +0 leather armour.
   890 | D:1      | 890 ||| DROPPING +0 robe.
   891 | D:1      | 891 ||| READING scroll labelled GYISSUPL PAYNN.
   892 | D:1      | 892 ||| READING scroll labelled KEKIDAFUMN.
   893 | D:1      | 893 ||| DROPPING scroll of poison.
  1001 | D:2      | 1001 ||| READING scroll of enchant weapon.
  1001 | D:2      | 1001 ||| ENCHANTING +2 sling.
  1208 | D:2      | Noticed Natasha
  1218 | D:2      | HP: 7/29 [Natasha (8)]
  1219 | D:2      | Killed Natasha
  1220 | D:2      | Reached XP level 4. HP: 10/36 MP: 4/4
  1228 | D:2      | Noticed Natasha
  1234 | D:2      | Killed Natasha
  1235 | D:2      | Reached skill level 5 in Ranged Weapons
  1627 | D:2      | Noticed Natasha
  1635 | D:2      | Killed Natasha
  1636 | D:2      | Reached XP level 5. HP: 19/44 MP: 5/5
  1849 | D:2      | 1849 ||| UPGRADING to +0 cloak.
  1854 | D:2      | 1854 ||| READING 2 scrolls labelled FEQIFRYRUTIRR.
  1855 | D:2      | 1855 ||| READING scroll labelled BUTICU IPOPEA.
  1860 | D:2      | 1860 ||| READING scroll labelled ADINANT KAQO.
  1861 | D:2      | 1861 ||| READING scroll labelled MIONLUA QUUKKE.
  1862 | D:2      | 1862 ||| READING scroll labelled YMURRA LUOL.
  1863 | D:2      | 1863 ||| READING scroll labelled TEPPOXTANOX.
  1970 | D:3      | Reached skill level 3 in Fighting
  1970 | D:3      | Noticed Robin
  1974 | D:3      | 1974 ||| Stepping ~*~*~tactically~*~*~ (outnumbered).
  1977 | D:3      | 1977 ||| Stepping ~*~*~tactically~*~*~ (outnumbered).
  1980 | D:3      | Killed Robin
  1994 | D:3      | You fall into a shaft and drop 2 floors!
  1994 | D:5      | Entered Level 5 of the Dungeon
  1994 | D:5      | Found a staircase to the Ecumenical Temple.
  1995 | D:5      | 1995 ||| PLANNING TEMPLE
  1998 | Temple   | Entered the Ecumenical Temple
  2020 | Temple   | 2020 ||| PLANNING OKAWARU WORSHIP
  2149 | Temple   | Became a worshipper of Warmaster Okawaru
  2150 | Temple   | 2150 ||| PLANNING D:1-11
  2190 | D:5      | Reached skill level 6 in Ranged Weapons
  2301 | D:5      | Reached skill level 1 in Armour
  2308 | D:5      | Noticed a phantom
  2317 | D:5      | Reached XP level 6. HP: 29/51 MP: 6/6
  2324 | D:5      | HP: 12/51 [something (2)]
  2327 | D:5      | HP: 2/51 [bullfrog (6)]
  2327 | D:5      | Slain by an orc wizard

Levels and vault maps discovered:
D:1:      psy_arrival_conway, layout_basic, serial_forest,
          infiniplex_forest_lined_corner, infiniplex_forest_clump_double,
          infiniplex_forest_lined_room_2, infiniplex_forest_lined_corner,
          infiniplex_forest_clump_tiny, infiniplex_forest_straight_4,
          infiniplex_forest_straight_4, infiniplex_forest_clump_double,
          infiniplex_forest_clump_small, infiniplex_forest_straight_2,
          serial_shops, shop, hangedman_decor_points
D:2:      layout_basic, uniq_natasha
D:3:      layout_basic, serial_shops, shop, uniq_robin, uniq_jessica, uniq_ijyb
D:5:      layout_basic, minmay_temple_entry_stoned_glass,
          kennysheep_minor_cross, minmay_chambers_of_fives
Temple:   hellmonk_temple_forest_ring

Skill      XL: |  1  2  3  4  5 |
---------------+----------------+-----
Ranged Weapons | 3 4 5 6 |  6.0
Fighting       | 2 3 |  3.5
Armour         | 1 |  1.5
Dodging        | |  2.1
Spellcasting   | |  1.0
Hexes          | |  2.0

Action                     |  1- 3 |  4- 6 || total
---------------------------+-------+-------++-------
   Fire: Sling             |   126 |    76 ||   202
    Use: Scroll            |     3 |     6 ||     9
 Armour: Robe              |     6 |       ||     6
         Leather armour    |     2 |     8 ||    10
  Dodge: Dodged            |    44 |    27 ||    71

Table legend:
 A = Non-vault XP
 B = Vault XP
 C = Vault XP percentage of total XP
 D = Non-vault monster count
 E = Vault monster count
 F = Vault count percentage of total count
                 A         B        C        D         E       F
            +---------+---------+-------+---------+---------+-------
      Total |     304 |     101 |  24.9 |      58 |       9 |  13.4
            +---------+---------+-------+---------+---------+-------
        D:1 |      71 |       0 |   0.0 |      37 |       0 |   0.0
        D:2 |      94 |      35 |  27.1 |      15 |       1 |   6.2
        D:3 |       2 |      27 |  93.1 |       1 |       7 |  87.5
        D:5 |     137 |      39 |  22.2 |       5 |       1 |  16.7
            +---------+---------+-------+---------+---------+-------
